 Dungeon Crawl Stone Soup version 0.31.0-12-g77e489cdc1 (webtiles) character file.

Game seed: 2408088640746147157

37 spaghetti the Shooter (level 3, -6/32 HPs)
             Began as a Naga Hunter on Feb 18, 2024.
             Was a Follower of Dithmenos.
             Killed by nerve-wracking pain
             ... invoked by Jessica
              (9 damage)
             ... on level 2 of the Dungeon.
             The game lasted 00:00:53 (757 turns).

spaghetti the Shooter (Naga Hunter)                  Turns: 757, Time: 00:00:53

Health: -6/32      AC:  2    Str: 13    XL:     3   Next: 39%
Magic:  3/3        EV:  9    Int:  9    God:    Dithmenos [*.....]
Gold:   58         SH:  0    Dex: 16    Spells: 2/2 levels left

rFire   . . .        a - +0 shortbow
rCold   . . .        (shield currently unavailable)
rNeg    . . .        c - +0 leather armour
rPois   +            (no helmet)
rElec   .            (no cloak)
rCorr   .            (no gloves)
SInv    +            (no barding)
Will    .....        (no amulet)
Stlth   ++           (no ring)
HPRegen 0.25/turn    (no ring)
MPRegen 0.08/turn

%: no passive effects
@: wreathed by umbra, very slow
A: AC +1, large, see invisible, deformed body, poison resistance, slowness 2,
spit poison 1, naga tail 1
a: Spit Poison, Renounce Religion


You were on level 2 of the Dungeon.
You worshipped Dithmenos.
Dithmenos was aware of your devotion.
You visited 1 branch of the dungeon, and saw 2 of its levels.

You collected 58 gold pieces.

Inventory:

Hand Weapons
 a - a +0 shortbow (weapon)
Armour
 c - a +0 leather armour (worn)
Scrolls
 b - a scroll of butterflies
 d - a scroll of noise {unknown}


   Skills:
 - Level 2.0 Fighting
 + Level 4.6 Ranged Weapons
 - Level 1.5 Dodging
 + Level 1.7 Stealth


You had 2 spell levels left.
You didn't know any spells.
Your spell library was empty.

Dungeon Overview and Level Annotations

Branches:
Dungeon (2/15)

Altars:
Dithmenos

Annotations:
D:2 Jessica


Innate Abilities, Weirdness & Mutations

Your serpentine skin is tough. (AC +1)
You have supernaturally acute eyesight. (SInv)
Armour fits poorly on your strangely shaped body.
Your system is resistant to poisons. (rPois)
You cover ground very slowly.
You can spit poison.
You have a snake-like lower body.


Message History

You are too injured to fight recklessly!
You are too injured to fight recklessly!
You are too injured to fight recklessly!
You are too injured to fight recklessly!
You are too injured to fight recklessly!
You are too injured to fight recklessly!
You are too injured to fight recklessly!
You are too injured to fight recklessly!
You are too injured to fight recklessly!
You are too injured to fight recklessly!
You are too injured to fight recklessly!
You are too injured to fight recklessly!
You are too injured to fight recklessly!
You are too injured to fight recklessly!
You are too injured to fight recklessly!
You are too injured to fight recklessly!
You are too injured to fight recklessly!
You are too injured to fight recklessly!
You are too injured to fight recklessly!
You are too injured to fight recklessly!
You shoot an arrow. The arrow barely misses Jessica.
Jessica hits you with a +0 club. The adder barely misses you.
You shoot an arrow. The arrow barely misses Jessica.
The endoplasm quivers.
The adder bites you. Jessica barely misses you. The adder barely misses you.
Jessica completely misses you.
You shoot an arrow. The arrow barely misses Jessica.
The adder bites you.
* * * LOW HITPOINT WARNING * * *
Jessica points at you and mumbles some strange words.
Pain shoots through your body!
* * * LOW HITPOINT WARNING * * *
The adder barely misses you.
You shoot an arrow. The arrow barely misses Jessica.
The arrow hits the endoplasm.
The endoplasm is lightly wounded.
The adder bites you.
* * * LOW HITPOINT WARNING * * *
Jessica points at you and mumbles some strange words.
Pain shoots through your body!
You die...

###.... .#
.......##?#
#..$.$..#.##
)......J...
..........
......... #
......?@#.##.##
#.....@.......
##....S.......
...............
........####.##
####.##.# # ..
..# ## ... ###


You could see an adder, Jessica and an endoplasm.

Vanquished Creatures
  A gnoll (D:1)
  A dart slug (D:1)
  2 ball pythons (D:1)
  4 bats (D:1)
  An endoplasm (D:1)
  2 hobgoblins (D:1)
  A kobold (D:1)
  6 frilled lizards
  4 goblins (D:1)
  4 rats (D:1)
26 creatures vanquished.

Notes
Turn   | Place    | Note
-------+----------+-------------------------------------------
     0 | D:1      | spaghetti the Naga Hunter began the quest for the Orb.
     0 | D:1      | Reached XP level 1. HP: 19/19 MP: 1/1
    72 | D:1      | Reached skill level 4 in Ranged Weapons
    72 | D:1      | Reached XP level 2. HP: 26/26 MP: 2/2
   416 | D:1      | Found a faded altar of an unknown god.
   483 | D:1      | Reached XP level 3. HP: 18/32 MP: 3/3
   531 | D:1      | Prayed at the altar of an unknown god.
   531 | D:1      | Became a worshipper of Dithmenos the Shadowed
   531 | D:1      | Reached * piety under Dithmenos
   749 | D:2      | Noticed Jessica
   757 | D:2      | Killed from afar by Jessica

Illustrated notes

Levels and vault maps discovered:
D:1:      lemuel_arrival_cross, layout_loops_ring, basic_ecumenical_altar
D:2:      layout_loops_ring, basic_altar, uniq_jessica

Skill      XL: |  1 |
---------------+----+-----
Ranged Weapons | 4 |  4.6
Fighting       | |  2.0
Dodging        | |  1.5
Stealth        | |  1.7

Action                     || total
---------------------------++-------
   Fire: Shortbow          ||    67
Ability: Spit Poison       ||     1
 Armour: Leather armour    ||    21
  Dodge: Dodged            ||    16
